 Dungeon Crawl Stone Soup version 0.24.0-123-gd5b16e6ec5 (webtiles) character file.

Game seed: 16382810158440498450, levelgen mode: deterministic

240 vurker the Bolt Thrower (level 6, 0/37 HPs)
             Began as a Kobold Hunter on Jan 28, 2020.
             Slain by a kobold
             ... wielding a +2 whip of electrocution
              (10 damage)
             ... on level 3 of the Dungeon.
             The game lasted 00:06:13 (3675 turns).

vurker the Bolt Thrower (Kobold Hunter)             Turns: 3675, Time: 00:06:14

Health: 0/37       AC:  8    Str:  8    XL:     6   Next: 29%
Magic:  6/6        EV: 10    Int: 13    God:
Gold:   84         SH:  0    Dex: 15    Spells: 5/5 levels left

rFire    . . .     SeeInvis .   a - +1 hand crossbow
rCold    . . .     Gourm    .   (shield restricted)
rNeg     . . .     Faith    .   l - +0 scale mail
rPois    .         Spirit   .   (no helmet)
rElec    .         Reflect  .   g - +0 cloak
rCorr    +         Harm     .   h - +0 pair of gloves
MR       .....                  (no boots)
Stlth    ..........             (no amulet)
HPRegen  0.12/turn              p - -3 ring of strength (curse)
MPRegen  0.10/turn              k - ring of resist corrosion (curse)

@: no status effects
A: small, carnivore
a: no special abilities


You were on level 3 of the Dungeon.
You were very full.

You visited 1 branch of the dungeon, and saw 3 of its levels.

You collected 84 gold pieces.

Inventory:

Hand Weapons
 a - a +1 hand crossbow (weapon)
 b - a +2 dagger of holy wrath
   (You found it on level 1 of the Dungeon)
Missiles
 d - 88 bolts (quivered)
Armour
 g - a +0 cloak (worn)
   (You found it on level 1 of the Dungeon)
 h - a +0 pair of gloves (worn)
   (You found it on level 2 of the Dungeon)
 l - a +0 scale mail (worn)
   (You found it on level 1 of the Dungeon)
Jewellery
 f - a +3 ring of evasion
   (You found it on level 1 of the Dungeon)
 k - a cursed ring of resist corrosion (right hand)
   (You found it on level 1 of the Dungeon)
 p - a cursed -3 ring of strength (left hand)
   (You found it on level 2 of the Dungeon)
Scrolls
 i - a scroll of identify
 m - a scroll of enchant weapon
 n - a scroll of fog {unknown}
Potions
 c - a potion of magic
 j - a potion of flight
Comestibles
 e - 11 rations
 o - 5 chunks of flesh


   Skills:
 + Level 3.5 Fighting
 * Level 4.6 Short Blades
 * Level 6.5 Crossbows
 - Level 2.4 Dodging
 - Level 1.3 Stealth


You had 5 spell levels left.
You didn't know any spells.
Your spell library was empty.

Dungeon Overview and Level Annotations

Branches:
Dungeon (3/15)

Altars:
Cheibriados
Sif Muna


Innate Abilities, Weirdness & Mutations

You are small and have problems with some larger weapons.
You are carnivorous and can eat meat at any time.


Message History

The kobold shouts!
You hit the orc.
You hear a shout!
The hobgoblin hits you but does no damage.
You hit the orc. The orc hits you but does no damage.
The hobgoblin completely misses you.
You hit the orc but do no damage. The hobgoblin misses you.
The orc barely misses you.
You hit the orc.
You kill the orc!
You completely miss the hobgoblin. The hobgoblin barely misses you.
You hit the hobgoblin but do no damage. The hobgoblin closely misses you.
You closely miss the hobgoblin.
The hobgoblin hits you but does no damage.
You closely miss the hobgoblin. You hit the hobgoblin.
The hobgoblin barely misses you.
You hit the hobgoblin but do no damage.
The hobgoblin hits you but does no damage.
You closely miss the hobgoblin.
The kobold hits you with a +2 whip of electrocution.
The hobgoblin barely misses you.
You hit the hobgoblin. The kobold hits you but does no damage.
Your scale mail prevents you from hitting the hobgoblin.
The hobgoblin misses you.
You barely miss the hobgoblin. The kobold hits you but does no damage.
You are electrocuted!
* * * LOW HITPOINT WARNING * * *
The hobgoblin hits you but does no damage.
Unknown command.
You barely miss the kobold.
The kobold hits you with a +2 whip of electrocution.
* * * LOW HITPOINT WARNING * * *
A rat comes into view.
The hobgoblin closely misses you.
Your +2 dagger of holy wrath stops glowing.
a - a +1 hand crossbow (weapon)
You are too injured to fight recklessly!
You are too injured to fight recklessly!
Firing (i - inventory)
d - 90 bolts (quivered)
Aim: a hobgoblin (almost dead)
You shoot a bolt. The bolt closely misses the hobgoblin.
The bolt closely misses the kobold.
The hobgoblin hits you.
* * * LOW HITPOINT WARNING * * *
Firing (i - inventory)
d - 89 bolts (quivered)
Aim: a hobgoblin (almost dead)
You shoot a bolt. The bolt hits the hobgoblin.
You kill the hobgoblin!
The kobold hits you but does no damage.
You are electrocuted!
You die...

. ##.#.## ##.#.##
#........ .# ##.#.##
##.#.## #........ .#
##.#.## ##.#.## #........
.# ##.#.##
r#.##.#.###....÷...
.###.#.##
#..#.##.#.##........
.##.#.##
##..#.##.#.##.....###.
...#.##
##.)#.##.#.##.....>#..o
....##
##.#..##.#.##.#.....#.#.
.#.##
##.#.)##@#.##.#.###.##.#.
.###
#.#)K##K#.##.#.##...##.#.
.#### #.#.#.#.## #.#
#.###.... .##.# ##.#.#÷##
.# ##.###.... .#..#
##(#(## ####.........
...##### ##.##
##.##.#.##.... ..###<.##
### ##.......#...#♣
.###)...##
##.#..........#
.##..#...##
##.........#####


You could see a kobold.

Vanquished Creatures
  An orc priest (D:3)
  A hound (D:3)
  An orc wizard (D:2)
  A gnoll (D:1)
  4 adders
  An ooze (D:3)
  3 worms
  2 dart slugs
  2 leopard geckos
  8 orcs
  2 giant cockroaches
  8 goblins
  14 hobgoblins
  4 jackals (D:1)
  A quokka (D:3)
  11 bats
  3 frilled lizards
  7 kobolds
  10 rats
84 creatures vanquished.

Notes
Turn   | Place    | Note
-------+----------+-------------------------------------------
     0 | D:1      | vurker the Kobold Hunter began the quest for the Orb.
     0 | D:1      | Reached XP level 1. HP: 12/12 MP: 1/1
   144 | D:1      | Reached skill level 1 in Short Blades
   144 | D:1      | Reached skill level 5 in Crossbows
   144 | D:1      | Reached XP level 2. HP: 2/18 MP: 2/2
   601 | D:1      | Reached XP level 3. HP: 17/22 MP: 3/3
  1155 | D:1      | Reached XP level 4. HP: 27/27 MP: 4/4
  2203 | D:2      | Found a shimmering blue altar of Sif Muna.
  2203 | D:2      | Found a snail-covered altar of Cheibriados.
  2336 | D:3      | Reached XP level 5. HP: 30/32 MP: 5/5
  2430 | D:3      | Reached skill level 6 in Crossbows
  3148 | D:3      | Reached XP level 6. HP: 37/37 MP: 6/6
  3675 | D:3      | Slain by a kobold

Levels and vault maps discovered:
D:1:      minmay_arrival_floating_metal, layout_rooms
D:2:      layout_loops_ring, gammafunk_temple_overflow_elements
D:3:      minmay_inner_zag, layout_rooms, serial_forest,
          infiniplex_forest_clump_long, infiniplex_forest_clump_long,
          infiniplex_forest_lined_2, infiniplex_forest_straight_4,
          infiniplex_forest_straight_3, infiniplex_forest_lined_1,
          minmay_bisected

Skill      XL: |  1  2  3  4  5 |
---------------+----------------+-----
Short Blades   | 1 2 3 4 |  4.6
Crossbows      | 5 6 |  6.5
Fighting       | 3 |  3.5
Dodging        | |  2.4
Stealth        | |  1.3

Action                   |  1- 3 |  4- 6 || total
-------------------------+-------+-------++-------
Melee: Short sword       |    86 |       ||    86
       Dagger            |     9 |   254 ||   263
 Fire: Hand crossbow     |    21 |    30 ||    51
  Use: Scroll            |       |     5 ||     5
       Potion            |       |     1 ||     1
 Stab: Sleeping          |     1 |       ||     1
  Eat: Chunk             |     9 |     8 ||    17
Armor: Leather armour    |    37 |       ||    37
       Scale mail        |       |   105 ||   105
Dodge: Dodged            |   134 |   141 ||   275
